SL
ATLANTA SMOKE @ PHOENIX HOTSPUR
10/01/2027
 
TOP OF THE 1ST
Atlanta Smoke batting - Pitching for Phoenix Hotspur : RHP Santiago Alonza
Pitching: RHP Santiago Alonza
Batting: RHB Bartolo Morales 0-0: Ball
1-0: Foul Ball, location: 2F
1-1: Ball
2-1: Swinging Strike
2-2: Foul Ball, location: 2F
2-2: Ball
3-2: Foul Ball, location: 2F
3-2: Base on Balls
Batting: LHB Bernardo Elías 0-0: Ball
Bartolo Morales steals 2nd base
1-0: Called Strike
1-1: Foul Ball, location: 2F
1-2: Ball
2-2: Ball
3-2: Fly out, F2 (Popup, 3S)
Batting: RHB Gabriel Maldonado 0-0: Called Strike
Bartolo Morales is caught stealing 3rd base
0-1: Ball
1-1: Ball
2-1: Ball
3-1: Foul Ball, location: 2F
3-2: Base on Balls
Batting: LHB Ned Durand 0-0: Fly out, F8 (Line Drive, 78M)
Top of the 1st over - 0 run(s), 0 hit(s), 0 error(s), 1 left on base; Atlanta 0 - Phoenix 0
BOTTOM OF THE 1ST
Phoenix Hotspur batting - Pitching for Atlanta Smoke : LHP Manuel Rojas
Pitching: LHP Manuel Rojas
Batting: RHB Roland Deschain 0-0: Called Strike
0-1: Ball
1-1: Ball
2-1: Ground out 6-3 (Groundball, 6)
Batting: LHB Francisco García 0-0: Ball
1-0: Called Strike
1-1: Called Strike
1-2: Ball
2-2: Ball
3-2: Foul Ball, location: 2F
3-2: Base on Balls
Batting: RHB Randy Rehling 0-0: Ball
1-0: Ball
2-0: Swinging Strike
2-1: Foul Ball, location: 2F
2-2: Strikes out swinging
Batting: RHB Gabriel Pérez 0-0: Ball
1-0: Ball
2-0: Called Strike
2-1: Ball
3-1: DOUBLE (Flyball, 8RXD)
Francisco García to third
Batting: LHB Mario Cruz 0-0: Called Strike
0-1: SINGLE (Groundball, 34D)
Francisco García scores
Gabriel Pérez to third
Runner from 3rd tries for Home, SAFE, no throw
Batting: LHB Rafael Sánchez 0-0: Called Strike
0-1: Ball
1-1: Ball
2-1: Called Strike
2-2: SINGLE (Flyball, 7LS)
Mario Cruz to second
Batting: RHB Ted Cook 0-0: Called Strike
0-1: DOUBLE (Flyball, 78M)
Mario Cruz scores
Rafael Sánchez to third
Runner from 3rd tries for Home, SAFE, no throw
Batting: SHB Pedro Gómez 0-0: Ball
1-0: Ball
2-0: Called Strike
2-1: Fly out, F8 (Flyball, 8RM)
Bottom of the 1st over - 4 run(s), 4 hit(s), 0 error(s), 1 left on base; Atlanta 0 - Phoenix 4
TOP OF THE 2ND
Atlanta Smoke batting - Pitching for Phoenix Hotspur : RHP Santiago Alonza
Batting: RHB Layton Templeman 0-0: Ball
1-0: Called Strike
1-1: Swinging Strike
1-2: Ball
2-2: Ball
3-2: Foul Ball, location: 2F
3-2: Foul Ball, location: 2F
3-2: Base on Balls
Batting: SHB Roku Hara 0-0: Foul Ball, location: 2F
0-1: Foul Ball, location: 2F
0-2: Ball
1-2: Foul Ball, location: 2F
1-2: 2-RUN HOME RUN (Flyball, 9LD), Distance : 360 ft
Batting: RHB Pedro Morales 0-0: Called Strike
0-1: Ball
1-1: Ground out U3 (Groundball, 3)
Batting: RHB Gerardo Castillo 0-0: Called Strike
0-1: SINGLE (Groundball, 4MD)
Batting: RHB Travis Newsome 0-0: Ball
1-0: Ball
2-0: Called Strike
2-1: Called Strike
2-2: Ball
3-2: Foul Ball, location: 2F
3-2: Ground out 6-3 (Groundball, 6S)
Gerardo Castillo to second
Batting: RHB Bartolo Morales 0-0: Ball
1-0: Ground out 5-3 (Groundball, 5)
Top of the 2nd over - 2 run(s), 2 hit(s), 0 error(s), 1 left on base; Atlanta 2 - Phoenix 4
BOTTOM OF THE 2ND
Phoenix Hotspur batting - Pitching for Atlanta Smoke : LHP Manuel Rojas
Batting: RHB Martín Martínez 0-0: Called Strike
0-1: Ball
1-1: Swinging Strike
1-2: Strikes out looking
Batting: RHB Roland Deschain 0-0: SINGLE (Groundball, 56D)
Batting: LHB Francisco García 0-0: Ball
1-0: Ball
2-0: Fielders Choice at 2nd, 3-6 (Groundball, 34)
Batting: RHB Randy Rehling 0-0: Swinging Strike
0-1: Called Strike
0-2: Hit by Pitch
Francisco García to second
Batting: RHB Gabriel Pérez 0-0: Ball
1-0: Called Strike
1-1: Foul Ball, location: 2F
1-2: Foul Ball, location: 2F
1-2: Fly out, F8 (Line Drive, 8RM)
Bottom of the 2nd over - 0 run(s), 1 hit(s), 0 error(s), 2 left on base; Atlanta 2 - Phoenix 4
TOP OF THE 3RD
Atlanta Smoke batting - Pitching for Phoenix Hotspur : RHP Santiago Alonza
Batting: LHB Bernardo Elías 0-0: Foul Ball, location: 2F
0-1: Swinging Strike
0-2: Ball
1-2: Foul Ball, location: 2F
1-2: Strikes out swinging
Batting: RHB Gabriel Maldonado 0-0: Ball
1-0: Swinging Strike
1-1: Foul Ball, location: 2F
1-2: Ball
2-2: Strikes out swinging
Batting: LHB Ned Durand 0-0: SINGLE (Line Drive, 4MD)
Batting: RHB Layton Templeman 0-0: Foul Ball, location: 2F
0-1: Ball
1-1: Ground out 1-3 (Groundball, P)
Top of the 3rd over - 0 run(s), 1 hit(s), 0 error(s), 1 left on base; Atlanta 2 - Phoenix 4
BOTTOM OF THE 3RD
Phoenix Hotspur batting - Pitching for Atlanta Smoke : LHP Manuel Rojas
Batting: LHB Mario Cruz 0-0: Called Strike
0-1: Foul Ball, location: 2F
0-2: Ball
1-2: Strikes out swinging
Batting: LHB Rafael Sánchez 0-0: Ball
1-0: Foul Ball, location: 2F
1-1: Foul Ball, location: 2F
1-2: Ground out 4-3 (Groundball, 34)
Batting: RHB Ted Cook 0-0: Called Strike
0-1: Swinging Strike
0-2: SINGLE (Groundball, 6MD)
Batting: SHB Pedro Gómez 0-0: SINGLE (Groundball, 56D)
Ted Cook to second
Batting: RHB Martín Martínez 0-0: SINGLE (Groundball, 6MD)
Ted Cook to third
Pedro Gómez to second
Runner from 3rd tries for Home, SAFE, no throw
Batting: RHB Roland Deschain 0-0: Ball
1-0: Ball
2-0: SINGLE (Flyball, 9LS)
Pedro Gómez to third
Martín Martínez to second
Runner from 3rd tries for Home, SAFE, no throw
Pitching: RHP Ricardo Gómez
Batting: LHB Francisco García 0-0: Ball
1-0: Swinging Strike
1-1: SINGLE (Flyball, 78S)
Martín Martínez to third
Roland Deschain to second
Runner from 3rd tries for Home, throw and OUT!
Bottom of the 3rd over - 2 run(s), 5 hit(s), 0 error(s), 2 left on base; Atlanta 2 - Phoenix 6
TOP OF THE 4TH
Atlanta Smoke batting - Pitching for Phoenix Hotspur : RHP Santiago Alonza
Batting: SHB Roku Hara 0-0: Ball
1-0: Ball
2-0: DOUBLE (Line Drive, 89D)
Batting: RHB Pedro Morales 0-0: SINGLE (Groundball, 6) (infield hit)
Roku Hara to third
Batting: RHB Gerardo Castillo 0-0: Called Strike
0-1: Swinging Strike
0-2: Strikes out swinging
Batting: RHB Travis Newsome 0-0: Fly out, F6 (Popup, 56D)
Batting: RHB Bartolo Morales 0-0: Called Strike
0-1: Ball
1-1: Swinging Strike
Passed Ball!
Roku Hara scores
Pedro Morales to second
1-2: Ball
2-2: Fly out, F8 (Flyball, 8LM)
Top of the 4th over - 1 run(s), 2 hit(s), 0 error(s), 1 left on base; Atlanta 3 - Phoenix 6
BOTTOM OF THE 4TH
Phoenix Hotspur batting - Pitching for Atlanta Smoke : RHP Ricardo Gómez
Batting: RHB Randy Rehling 0-0: Ball
1-0: Foul Ball, location: 2F
1-1: Ball
2-1: Foul Ball, location: 2F
2-2: SINGLE (Groundball, 56D)
Batting: RHB Gabriel Pérez 0-0: Called Strike
0-1: Called Strike
0-2: Ball
1-2: Ball
2-2: Fly out, F7 (Flyball, 7LMF)
Batting: LHB Mario Cruz 0-0: Swinging Strike
0-1: Ball
1-1: Ground out 4-3 (Groundball, 34)
Randy Rehling to second
Batting: LHB Rafael Sánchez 0-0: Called Strike
0-1: Ball
1-1: Fly out, F8 (Flyball, 8RD)
Bottom of the 4th over - 0 run(s), 1 hit(s), 0 error(s), 1 left on base; Atlanta 3 - Phoenix 6
TOP OF THE 5TH
Atlanta Smoke batting - Pitching for Phoenix Hotspur : RHP Santiago Alonza
Batting: LHB Bernardo Elías 0-0: Called Strike
0-1: Foul Ball, location: 2F
0-2: Ball
1-2: Foul Ball, location: 2F
1-2: Ball
2-2: SINGLE (Flyball, 8LS)
Batting: RHB Gabriel Maldonado 0-0: Ball
1-0: Called Strike
1-1: Swinging Strike
1-2: Ball
2-2: Foul Ball, location: 2F
2-2: Foul Ball, location: 2F
2-2: Strikes out swinging
Batting: LHB Ned Durand 0-0: Ball
1-0: Swinging Strike
1-1: Ball
2-1: SINGLE (Flyball, 8LS)
Bernardo Elías to second
Runner from 2nd tries for 3rd, SAFE, throw made to third
Ned Durand to second
Batting: RHB Layton Templeman 0-0: Called Strike
0-1: Foul Ball, location: 2F
0-2: Ground out 5-3 (Groundball, 56)
Bernardo Elías scores
Batting: SHB Roku Hara 0-0: Called Strike
0-1: Ball
1-1: Ground out 5-3 (Groundball, 56)
Top of the 5th over - 1 run(s), 2 hit(s), 0 error(s), 1 left on base; Atlanta 4 - Phoenix 6
BOTTOM OF THE 5TH
Phoenix Hotspur batting - Pitching for Atlanta Smoke : RHP Ricardo Gómez
Batting: RHB Ted Cook 0-0: Ball
1-0: Foul Ball, location: 2F
1-1: Ball
2-1: Called Strike
2-2: Ball
3-2: Strikes out looking
Batting: SHB Pedro Gómez 0-0: Ball
1-0: Foul Ball, location: 2F
1-1: Ball
2-1: SINGLE (Groundball, 6D)
Batting: RHB Martín Martínez 0-0: Ball
Pedro Gómez is caught stealing 2nd base
1-0: Ball
2-0: Ground out 5-3 (Groundball, 56)
Bottom of the 5th over - 0 run(s), 1 hit(s), 0 error(s), 0 left on base; Atlanta 4 - Phoenix 6
TOP OF THE 6TH
Atlanta Smoke batting - Pitching for Phoenix Hotspur : RHP Santiago Alonza
Batting: RHB Pedro Morales 0-0: Ball
1-0: Ball
2-0: Called Strike
2-1: Foul Ball, location: 2F
2-2: Ball
3-2: Foul Ball, location: 2F
3-2: Strikes out swinging
Batting: RHB Gerardo Castillo 0-0: Swinging Strike
0-1: Foul Ball, location: 2F
0-2: Ball
1-2: Foul Ball, location: 2F
1-2: Ball
2-2: Ground out U3 (Groundball, 34S)
Batting: RHB Travis Newsome 0-0: Ball
1-0: Ball
2-0: Called Strike
2-1: Ball
3-1: Base on Balls
Pitching: RHP Miguel Aguilar
Batting: RHB Bartolo Morales 0-0: Foul Ball, location: 2F
0-1: Fielders Choice at 2nd, 6-4 (Groundball, 6)
Top of the 6th over - 0 run(s), 0 hit(s), 0 error(s), 0 left on base; Atlanta 4 - Phoenix 6
BOTTOM OF THE 6TH
Phoenix Hotspur batting - Pitching for Atlanta Smoke : RHP Ricardo Gómez
Batting: RHB Roland Deschain 0-0: Swinging Strike
0-1: Called Strike
0-2: Ball
1-2: Ball
2-2: Ball
3-2: Base on Balls
Batting: LHB Francisco García 0-0: Ball
1-0: Called Strike
Roland Deschain steals 2nd base
1-1: TRIPLE (Flyball, 78XD)
Roland Deschain scores
Batting: RHB Randy Rehling 0-0: Ball
1-0: Called Strike
1-1: Called Strike
1-2: Fly out, F7 (Flyball, 7S)
Runner from 3rd tags up, SCORES, throw made
Pitching: LHP Corbin Jameson
Batting: RHB Gabriel Pérez 0-0: Ball
1-0: Foul Ball, location: 2F
1-1: Ball
2-1: Foul Ball, location: 2F
2-2: Ball
3-2: Base on Balls
Batting: LHB Mario Cruz 0-0: SINGLE (Line Drive, 4MD)
Gabriel Pérez to second
Batting: LHB Rafael Sánchez 0-0: Called Strike
0-1: Swinging Strike
0-2: Fly out, F9 (Flyball, 9LSF)
Batting: RHB Ted Cook 0-0: Ball
1-0: Ball
2-0: Foul Ball, location: 2F
2-1: Called Strike
2-2: Fly out, F8 (Flyball, 8RD)
Bottom of the 6th over - 2 run(s), 2 hit(s), 0 error(s), 2 left on base; Atlanta 4 - Phoenix 8
TOP OF THE 7TH
Atlanta Smoke batting - Pitching for Phoenix Hotspur : RHP Miguel Aguilar
Batting: LHB Bernardo Elías 0-0: Ball
1-0: Ground out 3-1 (Groundball, 34)
Batting: RHB Gabriel Maldonado 0-0: Ball
1-0: Called Strike
1-1: Ball
2-1: Foul Ball, location: 2F
2-2: Ball
3-2: Fly out, F8 (Line Drive, 8RXD)
Batting: LHB Ned Durand 0-0: Called Strike
0-1: Ball
1-1: Called Strike
1-2: Foul Ball, location: 2F
1-2: Ball
2-2: Ball
3-2: Ground out 4-3 (Groundball, 4)
Top of the 7th over - 0 run(s), 0 hit(s), 0 error(s), 0 left on base; Atlanta 4 - Phoenix 8
BOTTOM OF THE 7TH
Phoenix Hotspur batting - Pitching for Atlanta Smoke : LHP Corbin Jameson
Batting: SHB Pedro Gómez 0-0: Called Strike
0-1: Called Strike
0-2: Ball
1-2: Foul Ball, location: 2F
1-2: Strikes out swinging
Batting: RHB Martín Martínez 0-0: Ball
1-0: SINGLE (Flyball, 8RS)
Batting: RHB Roland Deschain 0-0: Called Strike
0-1: SINGLE (Line Drive, 4MD)
Martín Martínez to second
Batting: LHB Francisco García 0-0: SINGLE (Flyball, 78S)
Martín Martínez to third
Roland Deschain to second
Pitching: LHP Javier Ramírez
Batting: RHB Randy Rehling 0-0: Swinging Strike
0-1: SINGLE (Groundball, 56D)
Martín Martínez scores
Roland Deschain to third
Francisco García to second
Runner from 3rd tries for Home, SAFE, no throw
Batting: RHB Gabriel Pérez 0-0: Foul Ball, location: 2F
0-1: Ball
1-1: Foul Ball, location: 2F
1-2: Fielders Choice at 2nd, 1-4 (Groundball, 15S)
Francisco García to third
Batting: LHB Mario Cruz 0-0: Ball
1-0: SINGLE (Groundball, 3D)
Francisco García scores
Gabriel Pérez to second
Runner from 2nd tries for 3rd, SAFE, no throw
Batting: LHB Rafael Sánchez 0-0: Ball
1-0: Foul Ball, location: 2F
1-1: Foul Ball, location: 2F
1-2: Foul Ball, location: 2F
1-2: Fly out, F8 (Flyball, 8RS)
Bottom of the 7th over - 3 run(s), 5 hit(s), 0 error(s), 2 left on base; Atlanta 4 - Phoenix 11
TOP OF THE 8TH
Atlanta Smoke batting - Pitching for Phoenix Hotspur : RHP Miguel Aguilar
Batting: RHB Layton Templeman 0-0: Ball
1-0: Ball
2-0: Swinging Strike
2-1: Ground out 6-3 (Groundball, 56)
Batting: SHB Roku Hara 0-0: Swinging Strike
0-1: Called Strike
0-2: Foul Ball, location: 2F
0-2: Strikes out looking
Batting: RHB Pedro Morales 0-0: Ball
1-0: Swinging Strike
1-1: Fly out, F8 (Flyball, 78D)
Top of the 8th over - 0 run(s), 0 hit(s), 0 error(s), 0 left on base; Atlanta 4 - Phoenix 11
BOTTOM OF THE 8TH
Phoenix Hotspur batting - Pitching for Atlanta Smoke : LHP Javier Ramírez
Batting: RHB Ted Cook 0-0: Ball
1-0: Foul Ball, location: 2F
1-1: Ball
2-1: Ball
3-1: Called Strike
3-2: Strikes out swinging
Batting: SHB Pedro Gómez 0-0: Ball
1-0: SINGLE (Line Drive, 7S)
Batting: RHB Martín Martínez 0-0: Called Strike
Pedro Gómez steals 2nd base
0-1: Foul Ball, location: 2F
0-2: Strikes out swinging
Batting: RHB Roland Deschain 0-0: DOUBLE (Line Drive, 89M)
Pedro Gómez scores
Batting: LHB Francisco García 0-0: Called Strike
0-1: Ball
1-1: Ball
2-1: Ball
3-1: SINGLE (Flyball, 78S)
Roland Deschain to third
Runner from 3rd tries for Home, SAFE, no throw
Batting: RHB Randy Rehling 0-0: Called Strike
0-1: Called Strike
0-2: Ball
1-2: Fly out, F9 (Flyball, 9LSF)
Bottom of the 8th over - 2 run(s), 3 hit(s), 0 error(s), 1 left on base; Atlanta 4 - Phoenix 13
TOP OF THE 9TH
Atlanta Smoke batting - Pitching for Phoenix Hotspur : RHP Miguel Aguilar
Batting: RHB Gerardo Castillo 0-0: Ball
1-0: Foul Ball, location: 2F
1-1: Ball
2-1: Ground out 3-1 (Groundball, 34)
Batting: RHB Travis Newsome 0-0: Ground out 1-5-3 (Groundball, 15S)
Batting: RHB Bartolo Morales 0-0: Ball
1-0: Ball
2-0: Ball
3-0: Called Strike
3-1: Foul Ball, location: 2F
3-2: Fly out, F7 (Flyball, 78M)
Top of the 9th over - 0 run(s), 0 hit(s), 0 error(s), 0 left on base; Atlanta 4 - Phoenix 13
Saturday, May 26th, 2018 - OOTP Baseball 17.12 Build 75